 Dungeon Crawl Stone Soup version 0.24.0-125-gc4c63601f3 (webtiles) character file.

Game seed: 3933004243941348233, levelgen mode: deterministic

47800 Peloso the Peltast (level 14, -13/127 HPs)
             Began as a Minotaur Fighter on Mar 14, 2020.
             Was a High Priest of Okawaru.
             Killed from afar by a frost giant (18 damage)
             ... with a bolt of cold
             ... on level 15 of the Dungeon.
             The game lasted 00:39:35 (16400 turns).

Peloso the Peltast (Minotaur Fighter)              Turns: 16400, Time: 00:39:36

Health: -13/127    AC: 30    Str: 25    XL:     14   Next: 9%
Magic:  14/14      EV:  7    Int:  5    God:    Okawaru [*****.]
Gold:   861        SH: 15    Dex: 11    Spells: 13/13 levels left

rFire    . . .     SeeInvis +   a - +4 scimitar
rCold    . . .     Gourm    .   c - +1 shield
rNeg     . . .     Faith    .   V - +1 crystal plate armour
rPois    .         Spirit   .   X - +2 hat
rElec    .         Reflect  .   h - scarf {cloud immunity}
rCorr    .         Harm     .   J - +0 pair of gloves
MR       +....                  (no boots)
Stlth    ..........             I - amulet of the acrobat
HPRegen  0.31/turn              u - ring of see invisible
MPRegen  0.14/turn              l - +4 ring of protection

@: no status effects
A: retaliatory headbutt, horns 2
a: Heroism, Finesse, Renounce Religion


You were on level 15 of the Dungeon.
You worshipped Okawaru.
Okawaru was extremely pleased with you.
You were near starving.

You visited 3 branches of the dungeon, and saw 17 of its levels.

You collected 965 gold pieces.
You spent 104 gold pieces at shops.

Inventory:

Hand Weapons
 a - a +4 scimitar (weapon)
 b - the cursed +14 obsidian axe {chop, +Fly SInv *Curse}
   (You found it on level 4 of the Dungeon)

   It inflicts extra damage upon your enemies.
   It lets you see invisible.
   It lets you fly.
   It curses itself when equipped.
   It has a curse placed upon it.
 F - the +6 dagger "Gozehum" {freeze, -Tele rElec Dex+4 Stlth+}
   (You found it on level 9 of the Dungeon)

   It has been specially enchanted to freeze those struck by it, causing extra
   injury to most foes and up to half again as much damage against particularly
   susceptible opponents.
   It can also slow down cold-blooded creatures.
   It affects your dexterity (+4).
   It insulates you from electricity.
   It prevents most forms of teleportation.
   It makes you more stealthy.
 T - the +9 hunting sling "Conservator" {flame, +Fly rPois Int+4 Dex+3, unknown}
   (You found it on level 12 of the Dungeon)

   It causes projectiles fired from it to burn those they strike, causing extra
   injury to most foes and up to half again as much damage against particularly
   susceptible opponents.
   It affects your intelligence (+4).
   It affects your dexterity (+3).
   It protects you from poison.
   It lets you fly.
Armour
 c - a +1 shield (worn)
 h - a scarf of cloud immunity (worn)
 i - a +0 cloak
 t - a +0 scale mail
 v - a +0 crystal plate armour
 J - a +0 pair of gloves (worn)
 R - +0 acid dragon scales
 V - a +1 crystal plate armour (worn)
 X - a +2 hat (worn)
Jewellery
 e - an uncursed ring of positive energy
 l - a +4 ring of protection (right hand)
 n - an uncursed amulet of regeneration
 u - a ring of see invisible (left hand)
 D - an uncursed ring of protection from magic
 I - an amulet of the acrobat (around neck)
 K - a cursed -2 ring of dexterity {unknown}
 O - an uncursed ring of ice {unknown}
 W - an uncursed amulet of harm {unknown}
Wands
 w - a wand of digging (5)
 y - a wand of random effects (10)
 z - a wand of enslavement (10)
 A - a wand of flame (32)
 M - a wand of polymorph (7)
 S - a wand of disintegration (17)
Scrolls
 g - 3 scrolls of fog
 j - 16 scrolls of identify
 m - 2 scrolls of remove curse
 o - 3 scrolls of teleportation
 q - 7 scrolls of enchant weapon
 r - a scroll of holy word {unknown}
 C - 2 scrolls of amnesia
 G - a scroll of blinking
 H - 2 scrolls of magic mapping {unknown}
 Q - a scroll of summoning
Potions
 d - 2 potions of might
 k - 6 potions of curing
 p - a potion of heal wounds
 s - 6 potions of haste
 x - a potion of resistance
 B - 4 potions of brilliance
 E - a potion of flight
 L - 2 potions of invisibility {unknown}
 N - a potion of magic {unknown}
Miscellaneous
 P - a crystal ball of energy
Comestibles
 f - 29 rations


   Skills:
 + Level 12.6 Fighting
 + Level 15.8 Long Blades
 + Level 12.4 Armour
 + Level 4.2 Dodging
 + Level 0.5 Stealth
 + Level 16.1 Shields
 + Level 2.0 Invocations
 + Level 0.9 Evocations


You had 13 spell levels left.
You didn't know any spells.
Your spell library contained the following spells:

 Spells                   Type           Power        Failure   Level  Hunger
 Ignite Poison            Fire/Tmut/Pois #.......     100%        3    ####...
 Fireball                 Conj/Fire      #.........   100%        5    ######.
 Bolt of Fire             Conj/Fire      #.........   100%        6    #######
 Ring of Flames           Chrm/Fire      #.........   100%        7    #######
 Ignition                 Fire           #.........   100%        8    #######


Dungeon Overview and Level Annotations

Branches:
Dungeon (15/15)            Temple (1/1) D:4            Lair (1/6) D:8
    Orc (0/2) D:10         Vaults (0/5) D:13         Depths (0/5) D:15

Altars:
Ashenzari
Cheibriados
Dithmenos
Elyvilon
Fedhas
Gozag
Hepliaklqana
Kikubaaqudgha
Makhleb
Nemelex Xobeh
Okawaru
Qazlal
Ru
Sif Muna
Trog
Uskayaw
Vehumet
Wu Jian
Xom
Yredelemnul
Zin
The Shining One
Beogh

Shops:
D:4 *   D:6 *   D:9 (   D:11 *

Annotations:
D:12 3 runed translucent doors, EvilAshe's ghost, journeyman DsNe


Innate Abilities, Weirdness & Mutations

You reflexively headbutt those who attack you in melee.
You have a pair of horns on your head.


Message History

You slice the frost giant!!
The frost giant is moderately wounded.
You slash the frost giant!
The frost giant is moderately wounded.
The frost giant hits you with a +2 battleaxe of freezing!!
* * * LOW HITPOINT WARNING * * *
The frost giant freezes you!
* * * LOW HITPOINT WARNING * * *
You slash the frost giant! You headbutt the frost giant!
The frost giant is heavily wounded.
The frost giant gestures at you while chanting.
The bolt of cold hits you!
* * * LOW HITPOINT WARNING * * *
You slash the frost giant! You headbutt the frost giant.
The frost giant is severely wounded.
You slash the frost giant!
The frost giant is almost dead.
The frost giant points at you and mumbles some strange words.
The bolt of cold hits you!!
You die...

################
......#≈≈......
#####.#≈.#≈≈≈###+#
#.#......#$..#
#.'.##≈..+.>.#
###......#..C#
#≈.#≈≈≈###@#
#≈≈.((.(.).#
############


You could see a frost giant.

Vanquished Creatures
  Erolcha (D:12)
  A rakshasa (D:14)
  A catoblepas (D:14)
  8 vault guards (D:13)
  2 hydras
  2 centaur warriors
  6 two-headed ogres
  2 tengu warriors
  Urug (D:11)
  3 unseen horrors
  2 wolf spider zombies
  14 ugly things
  A wolf spider (D:14)
  A manticore (D:13)
  2 cyclopes (D:12)
  A guardian serpent (D:14)
  Maurice (D:8)
  A gargoyle (D:14)
  A komodo dragon (D:14)
  A kobold demonologist (D:11)
  8 trolls
  5 hippogriffs
  A vampire (D:14)
  3 shadows (D:14)
  A human (D:7)
  A wraith (D:14)
  23 yaks
  A basilisk (D:13)
  A golden eye (shapeshifter) (D:13)
  2 hogs (D:7)
  A steam dragon (D:9)
  2 hungry ghosts
  An acid dragon (D:12)
  A water moccasin (D:10)
  4 porcupines
  3 hornet zombies
  9 orc warriors
  8 ice beasts
  A necrophage (D:9)
  6 sky beasts
  4 phantoms
  6 ogres
  4 eyes of draining
  14 centaurs
  4 crocodiles
  5 big kobolds
  Blork the orc (D:6)
  12 bullfrogs
  A water moccasin zombie (D:10)
  2 wyvern zombies
  2 wyvern skeletons
  17 killer bees
  6 scorpions
  18 wights
  3 howler monkeys (D:7)
  8 crimson imps
  5 jellies
  4 bullfrog skeletons
  4 centaur zombies
  5 hounds
  16 orc wizards
  5 centaur skeletons
  17 orc priests
  A gnoll shaman (D:5)
  Jessica (D:2)
  8 iguanas
  10 worker ants
  A killer bee zombie (D:5)
  A hound zombie (D:10)
  A hound skeleton (D:8)
  A howler monkey zombie (D:6)
  12 gnolls
  2 river rats (D:6)
  13 adders
  2 shadow imps
  2 adder skeletons
  3 dart slugs
  6 leopard geckos
  82 orcs
  2 ball pythons
  5 bats
  10 giant cockroaches
  6 goblins
  2 hobgoblins (D:3)
  15 jackals
  5 quokkas
  4 frilled lizards
  A giant cockroach zombie (D:6)
  30 kobolds
  9 rats
532 creatures vanquished.

Vanquished Creatures (others)
  A tengu conjurer (D:13)
  A sky beast (D:8)
  A hound (D:8)
  An adder (D:8)
  An orc (D:8)
  3 fungi (D:12)
  A plant (D:12)
9 creatures vanquished.

Grand Total: 541 creatures vanquished

Notes
Turn   | Place    | Note
-------+----------+-------------------------------------------
     0 | D:1      | Peloso the Minotaur Fighter began the quest for the Orb.
     0 | D:1      | Reached XP level 1. HP: 19/19 MP: 0/0
   117 | D:1      | Reached XP level 2. HP: 27/27 MP: 1/1
   734 | D:1      | Reached XP level 3. HP: 33/33 MP: 2/2
  1163 | D:2      | Reached skill level 4 in Shields
  1199 | D:2      | Noticed Jessica
  1219 | D:2      | Killed Jessica
  1248 | D:2      | Found a sparkling altar of Nemelex Xobeh.
  1337 | D:2      | Reached XP level 4. HP: 39/40 MP: 3/3
  1754 | D:3      | Reached XP level 5. HP: 44/46 MP: 4/4
  2048 | D:3      | Found a faded altar of an unknown god.
  2059 | D:3      | Reached skill level 1 in Dodging
  2316 | D:3      | Reached skill level 5 in Armour
  2387 | D:3      | Reached skill level 5 in Long Blades
  2708 | D:4      | Found Jidy's General Store.
  2718 | D:4      | Reached XP level 6. HP: 53/53 MP: 5/5
  2726 | D:4      | Bought 2 scrolls of identify for 56 gold pieces
  2928 | D:4      | Reached skill level 5 in Shields
  3150 | D:4      | Found the cursed +14 obsidian axe {chop, +Fly SInv *Curse}
  3273 | D:4      | Found a shattered altar of Ashenzari.
  3372 | D:4      | Found a staircase to the Ecumenical Temple.
  3384 | Temple   | Entered the Ecumenical Temple
  3552 | D:4      | Found a radiant altar of Vehumet.
  4157 | D:5      | Entered Level 5 of the Dungeon
  4219 | D:5      | Reached XP level 7. HP: 42/60 MP: 6/6
  4413 | D:5      | Reached skill level 5 in Fighting
  4527 | D:5      | Reached skill level 6 in Shields
  4651 | D:5      | Reached XP level 8. HP: 54/68 MP: 7/7
  4887 | D:5      | Found an ornate altar of the Wu Jian Council.
  5284 | D:6      | Reached skill level 7 in Shields
  5400 | D:6      | Noticed Blork the orc
  5406 | D:6      | Killed Blork the orc
  5493 | D:6      | Reached XP level 9. HP: 78/78 MP: 8/8
  5697 | D:6      | Found Pudwiug's Lightly-Used Armoury.
  5770 | D:6      | Reached skill level 8 in Shields
  5850 | D:6      | Found a glowing drain.
  6495 | D:7      | Reached skill level 10 in Long Blades
  6684 | D:7      | Reached skill level 9 in Shields
  6754 | D:7      | Reached XP level 10. HP: 57/86 MP: 9/9
  6993 | D:7      | You fall into a shaft and drop 1 floor!
  7020 | D:8      | Reached skill level 10 in Shields
  7073 | D:8      | Found a shimmering altar of Xom.
  7631 | D:8      | Found a staircase to the Lair.
  7718 | D:8      | Noticed Maurice
  7735 | D:8      | Killed Maurice
  7898 | D:8      | Found an ancient bone altar of Kikubaaqudgha.
  7899 | D:8      | Found an iron altar of Okawaru.
  7956 | D:8      | Became a worshipper of Warmaster Okawaru
  8022 | D:9      | Got a faintly glowing dagger
  8023 | D:9      | Identified the +6 dagger "Gozehum" {freeze, -Tele rElec
                  | Dex+4 Stlth+} (You found it on level 9 of the Dungeon)
  8153 | D:9      | Reached skill level 11 in Shields
  8156 | D:9      | Found a hide-covered altar of Uskayaw.
  8160 | D:9      | Reached * piety under Okawaru
  8192 | D:9      | Noticed a two-headed ogre
  8207 | D:9      | Killed a two-headed ogre
  8227 | D:9      | Reached XP level 11. HP: 95/95 MP: 10/10
  8385 | D:9      | Noticed a two-headed ogre
  8399 | D:9      | Killed a two-headed ogre
  8399 | D:9      | Reached ** piety under Okawaru
  8570 | D:9      | Found a shimmering altar of Xom.
  8570 | D:9      | Found a sacrificial altar of Ru.
  8572 | D:9      | Found a glowing silver altar of Zin.
  8598 | D:9      | Found a roughly hewn altar of Beogh.
  8709 | D:9      | Found Xuuqypygh's Weapon Shop.
  8805 | D:10     | Entered Level 10 of the Dungeon
  9261 | D:10     | Noticed an unseen horror
  9269 | D:10     | Killed an unseen horror
  9303 | D:9      | Reached *** piety under Okawaru
  9499 | D:10     | Found a staircase to the Orcish Mines.
  9841 | D:10     | Noticed an unseen horror
  9856 | D:10     | Killed an unseen horror
 10008 | D:10     | Reached **** piety under Okawaru
 10008 | D:10     | Reached skill level 12 in Shields
 10609 | D:11     | Reached ***** piety under Okawaru
 10636 | D:11     | Found Bimig's Island Escapes.
 10759 | D:11     | Noticed a soul eater
 11015 | D:11     | Noticed a two-headed ogre
 11027 | D:11     | Killed a two-headed ogre
 11027 | D:11     | Reached XP level 12. HP: 72/106 MP: 11/11
 11113 | D:11     | Reached skill level 10 in Armour
 11113 | D:11     | Reached skill level 13 in Shields
 11412 | D:11     | Received a gift from Okawaru
 11565 | D:11     | Reached skill level 10 in Fighting
 11649 | D:11     | Noticed Urug
 11671 | D:11     | Killed Urug
 12042 | D:11     | Bought a potion of flight for 48 gold pieces
 12150 | D:12     | Found a runed translucent gate.
 12150 | D:12     | Found a runed translucent gate.
 12150 | D:12     | Found a runed translucent gate.
 12151 | D:12     | Noticed EvilAshe's ghost (journeyman DsNe)
 12435 | D:12     | Got a fine hunting sling
 12687 | D:12     | Noticed Erolcha
 12696 | D:12     | Killed Erolcha
 12894 | Lair:1   | Entered Level 1 of the Lair of Beasts
 12948 | Lair:1   | Received a gift from Okawaru
 12995 | Lair:1   | Noticed a five-headed hydra
 13146 | D:13     | Noticed a five-headed hydra
 13156 | D:12     | Killed a nine-headed hydra
 13204 | D:13     | Noticed a vault guard
 13204 | D:13     | Noticed a vault guard
 13204 | D:13     | Noticed a vault guard
 13205 | D:13     | Found a gate to the Vaults.
 13205 | D:13     | Noticed a vault guard
 13205 | D:13     | Noticed a vault guard
 13205 | D:13     | Noticed a vault guard
 13205 | D:13     | Noticed a vault guard
 13213 | D:13     | Killed a vault guard
 13213 | D:13     | Reached skill level 14 in Shields
 13220 | D:13     | Killed a vault guard
 13223 | D:13     | Killed a vault guard
 13223 | D:13     | Reached skill level 1 in Invocations
 13233 | D:13     | Killed a vault guard
 13233 | D:13     | Reached skill level 15 in Long Blades
 13233 | D:13     | Reached XP level 13. HP: 87/116 MP: 9/12
 14555 | D:14     | Reached ****** piety under Okawaru
 14555 | D:14     | Received a gift from Okawaru
 14563 | D:14     | Reached skill level 15 in Shields
 14691 | D:14     | Received a gift from Okawaru
 14863 | D:15     | Entered Level 15 of the Dungeon
 15594 | D:14     | Reached skill level 16 in Shields
 16188 | D:14     | Reached XP level 14. HP: 117/127 MP: 14/14
 16388 | D:15     | Found a staircase to the Depths.
 16388 | D:15     | Noticed a frost giant
 16398 | D:15     | HP: 4/127 [frost giant/bolt of cold (15)]
 16400 | D:15     | Killed from afar by a frost giant

Levels and vault maps discovered:
D:1:      giann_horns, layout_basic
D:2:      layout_basic, old_standard_altar, minmay_box_of_dots, uniq_jessica
D:3:      layout_basic, chequers_ecumenical_altar_simple
D:4:      layout_layer_cave, fiery_altar_vehumet, ashenzari_conservatory_becter,
          minmay_temple_entry_proselytizer, serial_shops, shop_statue,
          first_ration
D:5:      layout_gridville, kennysheep_mini_moat
D:6:      kennysheep_big_flooded_room, layout_basic, gup_sewer_entry_bubbles,
          minmay_shop_damaged, minmay_door_square, uniq_blork_the_orc
D:7:      layout_loops_ring, serial_glass, glass_columns_a, glass_columns_b,
          glass_columns_b, feat_on_display, due_unseen_surprise,
          feat_on_display, grunt_livestock, chequers_serial_rivers_micro_b,
          hangedman_decor_diamond_cutter
D:8:      layout_rooms, gammafunk_temple_overflow_pools,
          grunt_lair_entry_orc_guard_hut, xom_confusion_cloud, uniq_maurice
D:9:      layout_loops_cross, minitemple, lemuel_crystal_altar, serial_shops,
          nicolae_shop_window_shopping, david_defended_altar_orc
D:10:     layout_layer_cave, hiddenorc1_lemuel
D:11:     layout_loops_ring, nicolae_island_escapes, uniq_urug
D:12:     layout_roguey, gammafunk_ghost_nasty_kobolds, uniq_erolcha
D:13:     layout_roguey, erik_vaults_2
D:14:     layout_rooms, minmay_misc_feat_nine_boxes,
          chequers_serial_rivers_small_a, fake_guardian_serpent_vault
D:15:     grunt_enter_depths_snipers, layout_cave_pools, roderic_roman_lattice,
          uniq_agnes
Temple:   nicolae_temple_hex_pool
Lair:1:   layout_gridlike, wad_woods_road_04, minmay_lair_oklob_chamber,
          grunt_megastairs_5, lemuel_fruit_fields

Skill      XL: |  1  2  3  4  5  6  7  8  9 10 11 12 13 |
---------------+----------------------------------------+-----
Armour         | 4 5 6 8 9 11 12 | 12.4
Fighting       | 4 5 6 7 8 9 11 12 | 12.6
Shields        | 4 5 6 7 9 11 12 14 16 | 16.1
Long Blades    | 3 4 5 7 8 10 12 13 15 | 15.8
Dodging        | 1 2 3 4 |  4.2
Invocations    | 1 2 |  2.0
Stealth        | |  0.5
Evocations     | |  0.9

Action                   |  1- 3 |  4- 6 |  7- 9 | 10-12 | 13-15 || total
-------------------------+-------+-------+-------+-------+-------++-------
Melee: Long sword        |    61 |   161 |   148 |       |       ||   370
       Headbutt          |     8 |    36 |    77 |   203 |   129 ||   453
       Scimitar          |       |       |   194 |   868 |   470 ||  1532
Invok: Heroism           |       |       |       |     4 |     9 ||    13
       Finesse           |       |       |       |     1 |       ||     1
Evoke: Wand              |       |       |       |     4 |       ||     4
  Use: Potion            |     1 |     3 |       |     2 |     1 ||     7
       Scroll            |       |     1 |     9 |     6 |     1 ||    17
  Eat: Chunk             |     1 |     6 |     9 |    18 |     7 ||    41
       Ration            |       |     1 |       |     1 |     1 ||     3
Armor: Scale mail        |    30 |    77 |   125 |       |       ||   232
       Crystal plate arm |       |       |    27 |   299 |   280 ||   606
Dodge: Dodged            |    19 |    67 |    86 |   147 |   158 ||   477
Block: Shield            |    37 |   108 |   209 |   523 |   375 ||  1252
       Rpst.: Long sword |     4 |    21 |     9 |       |       ||    34
       Scimitar          |       |       |    16 |    32 |    23 ||    71
